 Dungeon Crawl Stone Soup version 0.17-a0-1583-g2df49ec (webtiles) character file.

1075 HeyNongMan the Slasher (level 8, -1/44 HPs)
             Began as a Vine Stalker Berserker on July 28, 2015.
             Was a Priest of Trog.
             Slain by an orc warrior
             ... wielding a +2 flail of holy wrath
              (14 damage)
             ... on level 5 of the Dungeon.
             The game lasted 00:08:37 (3935 turns).

HeyNongMan the Slasher (Vine Stalker Berserker)     Turns: 3935, Time: 00:08:37

Health: -1/44      AC:  8    Str: 20    XL:     8   Next: 29%
Magic:  0/9        EV: 10    Int:  7    God:    Trog [***...]
Gold:   243        SH:  0    Dex: 16    Spells: 0 memorised, 7 levels left

rFire  + . .     SeeInvis .     L - +0 falchion (freeze)
rCold  . . .     Clarity  .     K - +0 scale mail
rNeg   . . .     SustAt   .     (no shield)
rPois  .         Gourm    .     z - +0 helmet
rElec  .         Spirit   +     J - +0 cloak
rCorr  .         Warding  .     (no gloves)
rMut   .         Stasis   .     (no boots)
MR     +....                    (no amulet)
Stlth  ..........               (no ring)
                                N - ring of protection from fire

@: exhausted, very slightly contaminated, hasted and slowed, somewhat resistant
to hostile enchantments, extremely unstealthy
A: fangs 3, regeneration 2, magic shield, antimagic bite, no device heal 3, rot
immunity
a: Burn Spellbooks, Berserk, Trog's Hand, Renounce Religion


You were on level 5 of the Dungeon.
You worshipped Trog.
Trog was most pleased with you.
You were not hungry.

You visited 1 branch of the dungeon, and saw 6 of its levels.

You collected 243 gold pieces.

Inventory:

Hand weapons
 a - a +0 falchion
 j - a +0 dagger of protection
 H - a +0 long sword
 L - a +0 falchion of freezing (weapon)
Armour
 b - a +0 animal skin
 z - a +0 helmet (worn)
 E - a +1 robe of positive energy
 F - a +0 ring mail
 J - a +0 cloak (worn)
 K - a +0 scale mail (worn)
Jewellery
 o - an uncursed ring of ice
 y - an uncursed ring of fire
 N - a ring of protection from fire (left hand)
 O - an uncursed ring of see invisible {unknown}
Magical devices
 n - a wand of digging (0)
 v - a wand of paralysis (13)
 I - a wand of cold (7)
 M - a wand of polymorph (16)
Scrolls
 e - 2 scrolls of enchant armour {unknown}
 g - 2 scrolls of amnesia {unknown}
 h - 7 scrolls of identify {unknown}
 i - 3 scrolls of teleportation {unknown}
 m - 3 scrolls of remove curse {unknown}
 p - a scroll of enchant weapon {unknown}
 r - 2 scrolls of random uselessness {unknown}
 s - a scroll of noise {unknown}
 t - 2 scrolls of recharging {unknown}
 x - a scroll of blinking {unknown}
 A - a scroll of magic mapping {unknown}
 C - 2 scrolls of fog {unknown}
 D - 3 scrolls of fear {unknown}
Potions
 f - a potion of ambrosia {unknown}
 l - a potion of mutation {unknown}
 q - 2 potions of heal wounds {unknown}
 u - a potion of might {unknown}
 B - a potion of magic {unknown}
Comestibles
 c - 4 bread rations
 d - 2 meat rations
 k - 2 beef jerkies
 G - 2 royal jellies
 P - 5 chunks of flesh


   Skills:
 + Level 5.5 Fighting
 * Level 7.6 Long Blades
 - Level 1.5 Armour
 - Level 1.5 Dodging


You had 7 spell levels left.
You didn't know any spells.

Dungeon Overview and Level Annotations

Branches:
Dungeon (6/15)             Temple (0/1) D:5

Altars:
Ru
Sif Muna

Annotations:
D:5 exclusion: door


Innate Abilities, Weirdness & Mutations

You have razor-sharp teeth.
You heal very quickly.
When hurt, damage is shared between your health and your magic reserves.
Your bite disrupts and absorbs the magic of your enemies.
Potions and wands cannot restore your health.
You are immune to rotting.


Message History

The orc hits you with a mace. The orc hits you but does no damage.
You climb upwards.
Level annotation: exclusion: door
There is a stone staircase leading down here.
Drink which item? (? for menu, Esc to quit)
You feel yourself speed up.
The orc warrior hits you with a flail of holy wrath!!
* * * LOW HITPOINT WARNING * * *
The orc hits you but does no damage. The orc hits you with a falchion.
* * * LOW HITPOINT WARNING * * *
The orc warrior closely misses you.
You are very lightly contaminated with residual magic.
You hit the orc warrior. You freeze the orc warrior.
The orc warrior is lightly wounded.
The orc misses you. The orc closely misses you.
You hit the orc warrior. You freeze the orc warrior.
Your bite misses the orc warrior.
The orc warrior is moderately wounded.
The orc warrior hits you with a flail of holy wrath!
You die...

.#...####....#####....##.##
.............# #.........(#
.............# #.#.##.##.<##
#............# #.........#.#
#............###.####.##..##
#.##.#####............##.##
.....# #..####.####.##.###
#.#### #..####o# #.##...#
#.########.....o@# #.####.#
#..............#o# #.# #.#
###########.#....# #.# #.# #
#.#.#.## #.# #.# ##
##.#.#.#####.# #.# .##
#....#....##.####.# #.#
#.#######.........# .##
#....#....#######.# ##
##.#.#.#### #.#


You could see an orc warrior and 2 orcs.

Vanquished Creatures
  Duvessa (D:6)
  A black bear (D:5)
  A sky beast (D:6)
  A water moccasin (D:6)
  A centaur (D:5)
  Dowan (D:6)
  A giant frog zombie (D:5)
  A crimson imp (D:5)
  3 hounds
  5 worker ants
  Jessica (D:3)
  A giant frog skeleton (D:4)
  Terence (D:3)
  Natasha (thrice) (D:2)
  A killer bee zombie (D:6)
  A hound skeleton (D:4)
  2 worker ant zombies (D:5)
  4 adders
  An ooze (D:3)
  3 worms (D:2)
  2 adder skeletons
  4 giant geckos
  A ball python (D:3)
  A bat zombie (D:5)
  9 giant cockroaches
  10 hobgoblins
  9 jackals
  5 kobolds
  A quokka (D:4)
  8 bats
  4 giant newts (D:3)
  8 goblins
  5 rats
  A butterfly (D:5)
102 creatures vanquished.

Notes
Turn   | Place    | Note
--------------------------------------------------------------
     0 | D:1      | HeyNongMan the Vine Stalker Berserker began the quest for the Orb.
     0 | D:1      | Reached XP level 1. HP: 11/11 MP: 2/2
   142 | D:1      | Reached skill level 3 in Long Blades
   148 | D:1      | Reached XP level 2. HP: 8/16 MP: 0/3
   448 | D:2      | Reached XP level 3. HP: 12/20 MP: 4/4
   611 | D:2      | Found a faded altar to an unknown god.
   642 | D:2      | Noticed Natasha
   657 | D:2      | Killed Natasha
   657 | D:2      | Acquired Trog's second power
   657 | D:2      | Reached XP level 4. HP: 6/24 MP: 5/5
   765 | D:2      | Noticed Natasha
   779 | D:2      | Killed Natasha
   852 | D:2      | Noticed Natasha
   856 | D:2      | Killed Natasha
   901 | D:2      | Reached skill level 4 in Long Blades
  1418 | D:3      | Noticed Terence
  1425 | D:3      | Killed Terence
  1425 | D:3      | Reached XP level 5. HP: 28/28 MP: 6/6
  1805 | D:3      | Noticed Jessica
  1823 | D:3      | Killed Jessica
  2395 | D:4      | Reached skill level 5 in Long Blades
  2480 | D:4      | Gained mutation: You heal very quickly. [Vine Stalker growth]
  2480 | D:4      | Reached XP level 6. HP: 31/33 MP: 5/7
  2502 | D:4      | Found a sacrificial altar of Ru.
  2824 | D:5      | Entered Level 5 of the Dungeon
  3146 | D:5      | Reached skill level 6 in Long Blades
  3146 | D:5      | Reached XP level 7. HP: 26/38 MP: 6/8
  3184 | D:5      | Found a staircase to the Ecumenical Temple.
  3638 | D:5      | Found a deep blue altar of Sif Muna.
  3730 | D:5      | Reached skill level 5 in Fighting
  3881 | D:6      | Reached skill level 7 in Long Blades
  3893 | D:6      | Noticed Dowan
  3893 | D:6      | Noticed Duvessa
  3902 | D:6      | Gained mutation: You have razor-sharp teeth. [Vine Stalker growth]
  3902 | D:6      | Reached XP level 8. HP: 38/43 MP: 9/9
  3906 | D:6      | Killed Dowan
  3912 | D:6      | Killed Duvessa
  3935 | D:5      | Slain by an orc warrior

Vault maps used:
D:1:      wheals_arrival_shading
D:2:      ecumenical_altar_1, uniq_natasha
D:3:      uniq_jessica, uniq_terence
D:4:      overflow_temple_1_default, first_bread
D:5:      led_sif_book, minmay_temple_entry_butterflies,
          kennysheep_small_spiral, kennysheep_cluttered_room,
          kennysheep_generic_room_14
D:6:      serial_shops, nicolae_shop_stone, uniq_duvessa

Action                   |  1- 3 |  4- 6 |  7- 9 || total
-------------------------+-------+-------+-------++-------
Melee: Falchion          |    58 |   132 |    63 ||   253
       Dagger            |    30 |       |       ||    30
       Long sword        |       |    69 |    13 ||    82
Invok: Berserk           |       |     1 |     1 ||     2
  Use: Potion            |     1 |       |     1 ||     2
 Stab: Sleeping          |     1 |     4 |       ||     5
  Eat: Chunk             |       |     8 |     4 ||    12
